 Dungeon Crawl Stone Soup version 0.31-a0-217-g58bb5d79cf (webtiles) character file.

Game seed: 11067378505070518525

620 qw the Chopper (level 7, -10/44 HPs)
             Began as a Gargoyle Fighter on July 2, 2023.
             Mangled by Pikel
             ... wielding a +0 whip of freezing
              (17 damage)
             ... on level 5 of the Dungeon.
             The game lasted 00:02:24 (4236 turns).

qw the Chopper (Gargoyle Fighter)                   Turns: 4236, Time: 00:02:24

Health: -10/44     AC: 15    Str: 21    XL:     7   Next: 46%
Magic:  7/7        EV:  8    Int:  9    God:
Gold:   280        SH:  4    Dex:  9    Spells: 6/6 levels left

rFire   . . .        Y - +0 war axe
rCold   . . .        c - +0 buckler
rNeg    + . .        k - +0 chain mail
rPois   inf          (no helmet)
rElec   +            (no cloak)
rCorr   +            f - +0 pair of gloves
SInv    .            (no boots)
Will    +....        (no amulet) Stlth
                     h - ring of resist corrosion
HPRegen 0.27/turn    i - ring of willpower
MPRegen 0.10/turn

%: no passive effects
@: no status effects
A: sickness immunity, AC +4, negative energy resistance 1, electricity
resistance, torment resistance 1, petrification resistance
a: no special abilities


You were on level 5 of the Dungeon.
You visited 2 branches of the dungeon, and saw 6 of its levels.

You collected 280 gold pieces.


Innate Abilities, Weirdness & Mutations

You are immune to sickness and miasma.
Your stone body is resilient. (AC +4)
You are immune to poison.
You resist negative energy. (rN+)
You are resistant to electric shocks. (rElec)
You are resistant to unholy torment.
You are immune to petrification.


   Skills:
 - Level 4.5 Fighting
 + Level 6.7 Axes
 - Level 3.2 Armour
 - Level 1.0 Dodging
 - Level 3.2 Shields


You had 6 spell levels left.
You didn't know any spells.
Your spell library was empty.

Inventory:

Hand Weapons
 n - a +0 flail
 Y - a +0 war axe (weapon)
Missiles
 l - a boomerang (quivered)
Armour
 c - a +0 buckler (worn)
 f - a +0 pair of gloves (worn)
 k - a +0 chain mail (worn)
Jewellery
 h - a ring of resist corrosion (left hand)
 i - a ring of willpower (right hand)
Scrolls
 a - a scroll of identify
 g - a scroll of brand weapon {unknown}
Potions
 b - 3 potions of curing
 d - 3 potions of might
 e - a potion of cancellation

Dungeon Overview and Level Annotations

Branches:
Dungeon (5/15)             Temple (1/1) D:5

Altars:
Ashenzari
Cheibriados
Dithmenos
Elyvilon
Fedhas
Gozag
Hepliaklqana
Kikubaaqudgha
Nemelex Xobeh
Ru
Sif Muna
Trog
Uskayaw
Vehumet
Wu Jian
Xom
Yredelemnul
Zin

Annotations:
D:3 2 transporters
D:5 Pikel


Message History

Pikel is moderately wounded.
Pikel hits you but does no damage. x2
You hit Pikel.
Pikel is heavily wounded.
Pikel hits you with a +0 whip of freezing!
Pikel freezes you. Pikel barely misses you.
You hit Pikel.
Pikel is heavily wounded.
Pikel barely misses you.
You slash Pikel!
Pikel is severely wounded.
Pikel hits you with a +0 whip of freezing.
Pikel freezes you. You block Pikel's attack.
You hit Pikel but do no damage.
Pikel is severely wounded.
Pikel hits you with a +0 whip of freezing!
Pikel freezes you. Pikel hits you but does no damage.
4231 ||| DRINKING potion of heal wounds.
You feel much better. Pikel misses you. You block Pikel's attack.
You closely miss Pikel.
Pikel is severely wounded.
Pikel hits you but does no damage.
You hit Pikel.
Pikel is severely wounded.
Pikel completely misses you. Pikel hits you but does no damage.
You hit Pikel but do no damage.
Pikel is severely wounded.
Pikel closely misses you.
Pikel hits you with a +0 whip of freezing!
Pikel freezes you.
You closely miss Pikel.
Pikel is severely wounded.
Pikel hits you with a +0 whip of freezing.
Pikel freezes you.
You hit Pikel.
Pikel is severely wounded.
You block Pikel's attack.
Pikel hits you with a +0 whip of freezing!
You die...

... #.#.#. #.#
#.#.. .5. ##.#.#
#5# #....# #5#
#....# #5# #....#
#K# #....# #@#
########.#.#####.#
)................#
##../....#.#..##.#
#.........#..####
##..))...#.#..#
...).)........#
###.####...#.##
..#.# #...#.#


You could see Pikel (berserk) and 4 lemures.

Vanquished Creatures
  Duvessa (D:4)
  A scorpion (D:4)
  Dowan (D:4)
  2 hounds
  2 orc priests (D:5)
  An orc wizard (D:4)
  2 iguanas
  7 gnolls
  6 adders
  A white imp (D:4)
  2 worms
  3 dart slugs
  10 orcs
  A ball python (D:4)
  9 endoplasms
  2 giant cockroaches (D:4)
  8 hobgoblins
  3 jackals (D:1)
  7 kobolds
  3 quokkas
  5 bats
  3 frilled lizards
  6 goblins
  6 rats
92 creatures vanquished.

Notes
Turn   | Place    | Note
-------+----------+-------------------------------------------
     0 | D:1      | qw the Gargoyle Fighter began the quest for the Orb.
     0 | D:1      | Reached XP level 1. HP: 14/14 MP: 1/1
     0 | D:1      | 0 ||| qw: Version: 0.3-a-40-ge99b1a8
     0 | D:1      | 0 ||| qw: Game counter: 241
     0 | D:1      | 0 ||| qw: Melee chars always use a shield: true
     0 | D:1      | 0 ||| qw: God list: Okawaru
     0 | D:1      | 0 ||| qw: Allow faded altars: false
     0 | D:1      | 0 ||| qw: Do Orc after clearing Dungeon:15 true
     0 | D:1      | 0 ||| qw: Do second Lair branch before Depths: true
     0 | D:1      | 0 ||| qw: Lair rune preference: random
     0 | D:1      | 0 ||| qw: Goals: Normal, Zot:1-4, Slime:5, God:TSO, Crypt,
                  | Tomb, Abyss, Pan, Hells, Win
     0 | D:1      | 0 ||| PLANNING D:1-11
    41 | D:1      | Reached skill level 2 in Axes
    78 | D:1      | Reached XP level 2. HP: 19/19 MP: 2/2
   416 | D:1      | Reached skill level 3 in Axes
   515 | D:1      | Reached XP level 3. HP: 23/23 MP: 3/3
   632 | D:1      | 632 ||| Stepping ~*~*~tactically~*~*~ (hiding).
   639 | D:1      | 639 ||| Stepping ~*~*~tactically~*~*~ (stealth).
   684 | D:1      | 684 ||| Stepping ~*~*~tactically~*~*~ (stealth).
   699 | D:1      | 699 ||| Stepping ~*~*~tactically~*~*~ (stealth).
   712 | D:1      | 712 ||| Stepping ~*~*~tactically~*~*~ (hiding).
   979 | D:1      | 979 ||| DROPPING +0 mace.
   980 | D:1      | 980 ||| UPGRADING to +0 chain mail.
   990 | D:1      | 990 ||| DROPPING +0 scale mail.
   991 | D:1      | 991 ||| READING 4 scrolls labelled ROYFFUNIATZ.
   992 | D:1      | 992 ||| READING scroll labelled YFASELONGIMO.
   993 | D:1      | 993 ||| READING scroll labelled WUEMAAGHOG.
   994 | D:1      | 994 ||| READING scroll labelled ALLOUF UGIKEDGH.
   995 | D:1      | 995 ||| READING scroll labelled ZYEFERCHERY.
   996 | D:1      | 996 ||| DRINKING 2 grey potions.
   997 | D:1      | 997 ||| READING 3 scrolls of identify.
   997 | D:1      | 997 ||| IDENTIFYING bubbling pink potion
   998 | D:1      | 998 ||| DROPPING potion of invisibility.
  1015 | D:2      | 1015 ||| Stepping ~*~*~tactically~*~*~ (stealth).
  1018 | D:2      | 1018 ||| Stepping ~*~*~tactically~*~*~ (stealth).
  1019 | D:2      | 1019 ||| Stepping ~*~*~tactically~*~*~ (stealth).
  1021 | D:2      | You fall into a shaft and drop 1 floor!
  1027 | D:3      | 1027 ||| Stepping ~*~*~tactically~*~*~ (stealth).
  1029 | D:3      | 1029 ||| Stepping ~*~*~tactically~*~*~ (stealth).
  1032 | D:3      | 1032 ||| Stepping ~*~*~tactically~*~*~ (stealth).
  1040 | D:3      | 1040 ||| Stepping ~*~*~tactically~*~*~ (stealth).
  1053 | D:3      | 1053 ||| Stepping ~*~*~tactically~*~*~ (stealth).
  1101 | D:3      | Found a transporter.
  1124 | D:3      | Found a transporter.
  1149 | D:3      | Found a faded altar of an unknown god.
  1153 | D:3      | 1153 ||| Stepping ~*~*~tactically~*~*~ (stealth).
  1154 | D:3      | 1154 ||| Stepping ~*~*~tactically~*~*~ (stealth).
  1155 | D:3      | 1155 ||| Stepping ~*~*~tactically~*~*~ (stealth).
  1156 | D:3      | 1156 ||| Stepping ~*~*~tactically~*~*~ (stealth).
  1157 | D:3      | 1157 ||| Stepping ~*~*~tactically~*~*~ (stealth).
  1159 | D:3      | 1159 ||| DROPPING +6 ring of intelligence.
  1160 | D:3      | 1160 ||| READING scroll labelled KET BISUBBIDES.
  1208 | D:3      | 1208 ||| FLEEEEING.
  1209 | D:3      | 1209 ||| FLEEEEING.
  1210 | D:3      | 1210 ||| FLEEEEING.
  1211 | D:3      | 1211 ||| FLEEEEING.
  1212 | D:3      | 1212 ||| FLEEEEING.
  1213 | D:3      | 1213 ||| FLEEEEING.
  1214 | D:3      | 1214 ||| FLEEEEING.
  1215 | D:3      | 1215 ||| STAIRDANCE
  1243 | D:2      | Reached XP level 4. HP: 28/28 MP: 4/4
  1336 | D:2      | Reached skill level 4 in Axes
  1376 | D:2      | 1376 ||| Stepping ~*~*~tactically~*~*~ (stealth).
  1507 | D:2      | Found a shimmering altar of Xom.
  1528 | D:2      | 1528 ||| Stepping ~*~*~tactically~*~*~ (stealth).
  1594 | D:2      | 1594 ||| Stepping ~*~*~tactically~*~*~ (stealth).
  1888 | D:2      | 1888 ||| READING 2 scrolls labelled QIONYTO LETSIO.
  1892 | D:2      | 1892 ||| READING scroll labelled BUGEYN ZEOHOTH.
  1893 | D:2      | 1893 ||| READING scroll labelled FUEBEU DOUGHU.
  1894 | D:2      | 1894 ||| READING 3 scrolls of identify.
  1894 | D:2      | 1894 ||| IDENTIFYING glowing ruby potion
  1895 | D:2      | 1895 ||| READING 2 scrolls of identify.
  1895 | D:2      | 1895 ||| IDENTIFYING amethyst potion
  1896 | D:2      | 1896 ||| DROPPING potion of brilliance.
  1991 | D:3      | 1991 ||| FLEEEEING.
  2007 | D:3      | 2007 ||| Stepping ~*~*~tactically~*~*~ (stealth).
  2060 | D:3      | 2060 ||| Stepping ~*~*~tactically~*~*~ (hiding).
  2290 | D:3      | 2290 ||| Stepping ~*~*~tactically~*~*~ (stealth).
  2305 | D:3      | Reached XP level 5. HP: 14/32 MP: 5/5
  2465 | D:3      | 2465 ||| UPGRADING to +0 pair of gloves.
  2610 | D:4      | Reached skill level 5 in Axes
  2647 | D:4      | Noticed Duvessa
  2647 | D:4      | Noticed Dowan
  2660 | D:4      | Killed Duvessa
  2661 | D:4      | Reached XP level 6. HP: 19/39 MP: 6/6
  2663 | D:4      | HP: 8/39 [Dowan/+2 dagger of venom (4)]
  2664 | D:4      | 2664 ||| READING scroll of teleportation.
  2665 | D:4      | 2665 ||| DRINKING 3 potions of heal wounds.
  2721 | D:4      | Found a white marble altar of Elyvilon.
  2915 | D:4      | HP: 3/39 [Dowan/shard of ice (14)]
  2916 | D:4      | 2916 ||| DRINKING 2 potions of heal wounds.
  2931 | D:4      | 2931 ||| Stepping ~*~*~tactically~*~*~ (hiding).
  2933 | D:4      | Killed Dowan
  2942 | D:4      | 2942 ||| FLEEEEING.
  2943 | D:4      | 2943 ||| FLEEEEING.
  2944 | D:4      | 2944 ||| FLEEEEING.
  2945 | D:4      | 2945 ||| FLEEEEING.
  3008 | D:4      | 3008 ||| Stepping ~*~*~tactically~*~*~ (hiding).
  3009 | D:4      | 3009 ||| Stepping ~*~*~tactically~*~*~ (hiding).
  3023 | D:4      | Reached skill level 6 in Axes
  3027 | D:4      | HP: 5/39 [gnoll/+1 heavy halberd (16)]
  3028 | D:4      | 3028 ||| DRINKING potion of heal wounds.
  3031 | D:4      | Reached XP level 7. HP: 22/44 MP: 7/7
  3034 | D:4      | HP: 8/44 [gnoll/+1 heavy halberd (4)]
  3259 | D:4      | 3259 ||| Stepping ~*~*~tactically~*~*~ (hiding).
  3606 | D:4      | 3606 ||| UPGRADING to ring of resist corrosion.
  3607 | D:4      | 3607 ||| UPGRADING to ring of willpower.
  3608 | D:4      | 3608 ||| READING scroll labelled XIEJ XAUHEAGE.
  3609 | D:4      | 3609 ||| DRINKING 4 lumpy grey potions.
  3632 | D:5      | Entered Level 5 of the Dungeon
  3660 | D:5      | Reached skill level 1 in Dodging
  3672 | D:5      | Found a staircase to the Ecumenical Temple.
  3673 | D:5      | 3673 ||| PLANNING TEMPLE
  3682 | Temple   | Entered the Ecumenical Temple
  3851 | Temple   | 3851 ||| PLANNING D:1-11
  4041 | D:5      | 4041 ||| Stepping ~*~*~tactically~*~*~ (hiding).
  4095 | D:5      | 4095 ||| Stepping ~*~*~tactically~*~*~ (hiding).
  4097 | D:5      | 4097 ||| Stepping ~*~*~tactically~*~*~ (hiding).
  4100 | D:5      | 4100 ||| Stepping ~*~*~tactically~*~*~ (hiding).
  4215 | D:5      | Noticed Pikel
  4230 | D:5      | HP: 6/44 [Pikel/+0 whip of freezing (8)]
  4231 | D:5      | 4231 ||| DRINKING potion of heal wounds.
  4235 | D:5      | HP: 7/44 [Pikel/+0 whip of freezing (2)]
  4236 | D:5      | Mangled by Pikel

Levels and vault maps discovered:
D:1:      dpeg_arrival_radiant, layout_basic
D:2:      layout_basic, basic_altar, chequers_serial_rivers_marsh, st_stairs_11
D:3:      gammafunk_steamed_eel, layout_rooms,
          hellmonk_ecumenical_altar_pennies_from_heaven, nicolae_titane
D:4:      layout_loops_ring, kennysheep_mini_moat, uniq_duvessa
D:5:      layout_basic, minmay_temple_entry_large_hall, nicolae_grassy_gnolls,
          uniq_grinder, uniq_pikel
Temple:   bh_familiar_temple

Skill      XL: |  1  2  3  4  5  6  7 |
---------------+----------------------+-----
Axes           | 2 3 4 5 6 |  6.7
Fighting       | 4 |  4.5
Dodging        | 1 |  1.0
Armour         | |  3.2
Shields        | |  3.2

Action                     |  1- 3 |  4- 6 |  7- 9 || total
---------------------------+-------+-------+-------++-------
  Melee: War axe           |   125 |   179 |    69 ||   373
  Throw: Boomerang         |       |     9 |    10 ||    19
    Use: Scroll            |     7 |     6 |     1 ||    14
         Potion            |     1 |     3 |     2 ||     6
 Armour: Scale mail        |    47 |       |       ||    47
         Chain mail        |     5 |   115 |    28 ||   148
  Dodge: Dodged            |    62 |    61 |    26 ||   149
  Block: Buckler           |    14 |    37 |    13 ||    64

Table legend:
 A = Non-vault XP
 B = Vault XP
 C = Vault XP percentage of total XP
 D = Non-vault monster count
 E = Vault monster count
 F = Vault count percentage of total count
                 A         B        C        D         E       F
            +---------+---------+-------+---------+---------+-------
      Total |     677 |     210 |  23.7 |      86 |       6 |   6.5
            +---------+---------+-------+---------+---------+-------
        D:1 |      64 |       0 |   0.0 |      28 |       0 |   0.0
        D:2 |      44 |       6 |  12.0 |      11 |       4 |  26.7
        D:3 |      57 |       0 |   0.0 |      19 |       0 |   0.0
        D:4 |     273 |     204 |  42.8 |      16 |       2 |  11.1
        D:5 |     239 |       0 |   0.0 |      12 |       0 |   0.0
            +---------+---------+-------+---------+---------+-------
